 Dungeon Crawl Stone Soup version 0.27-a0-419-g7a85846853 (webtiles) character file.

Game seed: 2422565035126047398

472 Chiseanne the Skirmisher (level 6, -4/51 HPs)
             Began as a Demonspawn Wanderer on Feb 26, 2021.
             Killed by nerve-wracking pain
             ... invoked by Grinder
              (14 damage)
             ... on level 4 of the Dungeon.
             The game lasted 00:04:10 (3605 turns).

Chiseanne the Skirmisher (Demonspawn Wanderer)      Turns: 3605, Time: 00:04:10

Health: -4/51      AC: 11    Str: 14    XL:     6   Next: 83%
Magic:  6/6        EV: 13    Int: 13    God:
Gold:   241        SH:  5    Dex: 19    Spells: 5/5 levels left

rFire    . . .     SeeInvis .   a - +3 mace (protect)
rCold    . . .     Faith    .   c - +0 buckler
rNeg     . . .     Spirit   .   r - +0 leather armour
rPois    .         Reflect  .   (helmet restricted)
rElec    .         Harm     .   (no cloak)
rCorr    .         Rampage  .   j - +0 pair of gloves
Will     .....                  (no boots)
Stlth    ++........             (no amulet)
HPRegen  0.17/turn              q - +6 ring of dexterity
MPRegen  0.10/turn              (no ring)

@: protection aura
A: horns 2, demonic magic 1
a: no special abilities


You were on level 4 of the Dungeon.
You visited 1 branch of the dungeon, and saw 4 of its levels.

You collected 241 gold pieces.

Inventory:

Hand Weapons
 a - a +3 mace of protection (weapon)
Missiles
 k - 78 stones (quivered)
 p - 3 boomerangs of dispersal
 t - 9 sling bullets
Armour
 c - a +0 buckler (worn)
 j - a +0 pair of gloves (worn)
 r - a +0 leather armour (worn)
Jewellery
 q - a +6 ring of dexterity (left hand)
 s - a ring of wizardry
 u - a ring of positive energy
Wands
 l - a wand of acid (3)
Scrolls
 w - 2 scrolls of fog
Potions
 b - 3 potions of lignification
 d - a potion of haste {unknown}
 e - a potion of attraction {unknown}
 g - 2 potions of flight
 m - a potion of ambrosia {unknown}


   Skills:
 * Level 5.4 Fighting
 - Level 1.0(1.1) Axes
 - Level 1.0(1.1) Polearms
 * Level 2.5 Armour
 * Level 3.4 Dodging
 - Level 1.0 Stealth
 * Level 3.4 Shields
 - Level 1.0 Evocations


You had 5 spell levels left.
You didn't know any spells.
Your spell library was empty.

Dungeon Overview and Level Annotations

Branches:
Dungeon (4/15)
 Temple: D:4-7

Altars:
Elyvilon
Makhleb

Annotations:
D:4 Grinder


Innate Abilities, Weirdness & Mutations

You have a pair of horns on your head.
Spells you cast may paralyse adjacent enemies.


Message History

You closely miss Grinder.
Grinder is severely wounded.
You block the giant cockroach's attack. You block Grinder's attack.
The phantom misses you. You block the giant cockroach's attack.
Grinder hits you but does no damage.
You closely miss Grinder.
Grinder is severely wounded.
The phantom hits you but does no damage.
The giant cockroach barely misses you.
Grinder blinks!
You hit the phantom.
Your weapon exudes an aura of protection.
The phantom is lightly damaged.
The giant cockroach closely misses you. You block the phantom's attack.
The giant cockroach barely misses you. The phantom closely misses you.
You hit the giant cockroach.
Your headbutt misses the giant cockroach.
The giant cockroach is heavily wounded.
Grinder says, "What is the universe for?"
The giant cockroach misses you. You block the phantom's attack.
The giant cockroach bites you but does no damage.
You barely miss the giant cockroach. You headbutt the giant cockroach.
You kill the giant cockroach!
The phantom barely misses you.
You closely miss Grinder.
Grinder is severely wounded.
You block Grinder's attack. The phantom closely misses you.
Grinder hits you but does no damage. The phantom closely misses you.
You hit Grinder.
Your weapon exudes an aura of protection.
Grinder is severely wounded.
You block the phantom's attack. Grinder hits you!
* * * LOW HITPOINT WARNING * * *
You writhe in agony.
* * * LOW HITPOINT WARNING * * *
You hit Grinder.
Grinder is severely wounded.
The phantom hits you but does no damage.
Grinder gestures at you. Pain shoots through your body!
You die...

... ##.....## #.... #.
#......# #....# .
#..#....####....#
#.##...........>#
###.........# #.####.
##.....####.ยง##.......
#...#..# #........!..
#....### ##5W...##..
###.## #.@##.>.# ##.##
#..# ...# #..# #.##
#...# #.## #. ....# ###
.. .5.... ... ..... #..
..... ...


You could see Grinder and a phantom.

Vanquished Creatures
  A water moccasin (D:3)
  An orc warrior (D:3)
  Purgy (D:3)
  An orc priest (D:3)
  An orc wizard (D:3)
  4 adders
  3 oozes
  A worm (D:3)
  3 dart slugs
  A leopard gecko (D:3)
  6 orcs (D:3)
  2 ball pythons
  9 bats
  3 giant cockroaches
  7 goblins
  3 hobgoblins
  4 jackals (D:1)
  A quokka (D:1)
  6 frilled lizards
  7 kobolds
  4 rats
69 creatures vanquished.

Vanquished Creatures (others)
  3 plants (D:3)
3 creatures vanquished.

Grand Total: 72 creatures vanquished

Notes
Turn   | Place    | Note
-------+----------+-------------------------------------------
     0 | D:1      | Chiseanne the Demonspawn Wanderer began the quest for the
                  | Orb.
     0 | D:1      | Chiseanne set off with the following items: a +2 spear, a
                  | potion of lignification, a +0 buckler, a +0 robe
     0 | D:1      | Reached XP level 1. HP: 19/19 MP: 1/1
   128 | D:1      | Gained mutation: You have a pair of small horns on your
                  | head. [demonic ancestry]
   128 | D:1      | Reached XP level 2. HP: 22/25 MP: 2/2
   226 | D:1      | You fall into a shaft and drop 1 floor!
   767 | D:1      | Gained mutation: You have a pair of horns on your head.
                  | [demonic ancestry]
   767 | D:1      | Reached XP level 3. HP: 13/30 MP: 3/3
  1167 | D:2      | Found a burning altar of Makhleb.
  1768 | D:2      | Gained mutation: Spells you cast may paralyse adjacent
                  | enemies. [demonic ancestry]
  1768 | D:2      | Reached XP level 4. HP: 38/38 MP: 4/4
  2236 | D:3      | Noticed Purgy
  2259 | D:3      | Found a white marble altar of Elyvilon.
  2282 | D:3      | Killed Purgy
  2283 | D:3      | Reached skill level 1 in Armour
  2283 | D:3      | Reached XP level 5. HP: 11/43 MP: 5/5
  2525 | D:3      | Noticed an orc warrior
  2537 | D:3      | Killed an orc warrior
  2538 | D:3      | Reached skill level 5 in Fighting
  2538 | D:3      | Reached XP level 6. HP: 6/51 MP: 6/6
  2923 | D:3      | Noticed a water moccasin
  2936 | D:3      | Killed a water moccasin
  3572 | D:4      | Noticed Grinder
  3587 | D:4      | Paralysed by Grinder for 2 turns
  3605 | D:4      | Killed from afar by Grinder

Illustrated notes

Levels and vault maps discovered:
D:1:      minmay_arrival_radiant_lines, layout_loops_ring
D:2:      layout_loops_corners, lightli_temple_of_fire
D:3:      cheibrodos_old_hovel, layout_rooms, elyvilon_altar_1, uniq_purgy
D:4:      layout_layer_cave, lemuel_zombie_altar_yredelemnul,
          nemelex_xobeh_ov_fountains_minmay, uniq_grinder,
          uniq_crazy_yiuf_cottage

Skill      XL: |  1  2  3  4  5 |
---------------+----------------+-----
Shields        | 2 3 |  3.4
Dodging        | 2 3 |  3.4
Armour         | 1 2 |  2.5
Fighting       | 5 |  5.4
Axes           | |  1.0
Polearms       | |  1.0
Stealth        | |  1.0
Evocations     | |  1.0

Action                   |  1- 3 |  4- 6 || total
-------------------------+-------+-------++-------
Melee: Spear             |    81 |       ||    81
       Headbutt          |     7 |    28 ||    35
       Mace              |    27 |   108 ||   135
Evoke: Wand              |       |     2 ||     2
  Use: Scroll            |       |     8 ||     8
       Potion            |       |     1 ||     1
 Stab: Sleeping          |     3 |     3 ||     6
Armor: Robe              |    21 |       ||    21
       Leather armour    |     3 |    44 ||    47
Dodge: Dodged            |    56 |    92 ||   148
Block: Buckler           |    22 |    33 ||    55

Table legend: (Time is in decaauts)
 A = Elapsed time spent in this place.
 B = Non-inter-level travel time spent in this place.
 C = Inter-level travel time spent in this place.
 D = Time resting spent in this place.
 E = Time spent auto-exploring this place.
 F = Levels seen in this place.
 G = Mean time per level.
                   A        B        C        D        E       F      G
               +--------+--------+--------+--------+--------+-----+--------+
         Total |   3672 |   3621 |     51 |   1099 |   1987 |   4 |  918.0 |
       Dungeon |   3672 |   3621 |     51 |   1099 |   1987 |   4 |  918.0 |
               +--------+--------+--------+--------+--------+-----+--------+

Top non-repeatable levels by time:
     D:3: 1461 daAuts
     D:2: 1150 daAuts
     D:1: 990 daAuts
     D:4: 70 daAuts
